 Dungeon Crawl Stone Soup version 0.31-a0-1110-gab2881137f (webtiles) character file.

Game seed: 16462569893840458511

203 blanketernal the Twirler (level 5, 0/46 HPs)
             Began as a Minotaur Gladiator on Dec 2, 2023.
             Slain by a black bear (7 damage)
             ... on level 3 of the Dungeon on Dec 3, 2023.
             The game lasted 00:02:59 (2669 turns).

blanketernal the Twirler (Minotaur Gladiator)       Turns: 2669, Time: 00:03:00

Health: 0/46       AC:  3    Str: 19    XL:     5   Next: 51%
Magic:  4/4        EV: 13    Int:  5    God:
Gold:   181        SH:  0    Dex: 13    Spells: 4/4 levels left

rFire   . . .        a - +0 quarterstaff
rCold   . . .        (shield currently unavailable)
rNeg    . . .        b - +0 leather armour
rPois   .            c - +0 hat
rElec   .            (no cloak)
rCorr   .            (no gloves)
SInv    .            (no boots)
Will    .....        (no amulet)
Stlth   +            (no ring)
HPRegen 0.27/turn    (no ring)
MPRegen 0.09/turn

%: no passive effects
@: no status effects
A: horns 2, retaliatory headbutt
a: no special abilities


You were on level 3 of the Dungeon.
You visited 1 branch of the dungeon, and saw 4 of its levels.

You collected 181 gold pieces.

Inventory:

Hand Weapons
 a - a +0 quarterstaff (weapon)
Missiles
 d - 3 throwing nets (quivered)
 e - a javelin
 p - 4 boomerangs
Armour
 b - a +0 leather armour (worn)
 c - a +0 hat (worn)
 h - a +0 pair of boots
Jewellery
 n - a ring of see invisible
Wands
 r - a wand of iceblast (28)
Scrolls
 f - a scroll of fear {unknown}
 g - a scroll of revelation {unknown}
 i - a scroll of noise {unknown}
 j - 2 scrolls of identify {unknown}
 l - a scroll of enchant armour {unknown}
 m - a scroll of immolation {unknown}
 q - a scroll of teleportation {unknown}
 s - a scroll of amnesia {unknown}
Potions
 k - a potion of mutation {unknown}
 o - a potion of curing {unknown}


   Skills:
 + Level 4.0 Fighting
 + Level 4.9 Staves
 - Level 2.0 Throwing
 + Level 3.0 Armour
 + Level 4.4 Dodging


You had 4 spell levels left.
You didn't know any spells.
Your spell library was empty.

Dungeon Overview and Level Annotations

Branches:
Dungeon (4/15)
 Temple: D:4-7

Altars:
Fedhas
Qazlal
Ru

Annotations:
D:4 Sigmund


Innate Abilities, Weirdness & Mutations

You have a pair of horns on your head.
You reflexively headbutt those who attack you in melee.


Message History

The hobgoblin shouts!
The ball python hisses angrily.
A ball python comes into view.
Sigmund closely misses you.
An adder comes into view.
The adder hisses angrily.
A hobgoblin comes into view.
Sigmund points at you and mumbles some strange words.
The magic dart hits you. The goblin barely misses you. Sigmund misses you.
The goblin attacks as it pursues you! The goblin hits you but does no damage.
The black bear closely misses you. The black bear claws you. x2
The quokka closely misses you.
You hear the slow rusting of a very distant drain.
The black bear attacks as it pursues you!
The black bear barely misses you. You furiously retaliate!
You headbutt the black bear, but do no damage.
The black bear barely misses you. The black bear closely misses you.
The goblin attacks as it pursues you! The goblin closely misses you.
The black bear attacks as it pursues you!
The black bear bites you. The black bear claws you. x2
The ball python attacks as it pursues you!
The ball python closely misses you. You furiously retaliate!
You headbutt the ball python!
You kill the ball python!
There is a stone staircase leading up here.
The black bear bites you! The black bear closely misses you.
The black bear claws you. The goblin hits you with a +0 dagger.
You climb upwards.
There is a stone staircase leading down here.
You are too injured to fight recklessly!
You are too injured to fight recklessly!
You are too injured to fight recklessly!
You closely miss the black bear. The black bear bites you.
* * * LOW HITPOINT WARNING * * *
The black bear claws you.
* * * LOW HITPOINT WARNING * * *
The black bear barely misses you. The goblin hits you with a +0 dagger.
* * * LOW HITPOINT WARNING * * *
You closely miss the black bear. The black bear bites you!
You die...

........##.#..##....# #.#
.....##.##.#...#....#####.#
.....##.##.....#..<....##.#
.........#..##...##....##.#
####.....#..#.....'......(#
...#.....#..#.#..##....####
##.#.....#....#..##....#
#.#.....#.##..hg##....#
#.......#....#.@##....#
######..♣..#######....#
#.♣.♣...## #...)#
###♣♣.♣##..## #....#
#.#♣..♣ #♣..# ######
#.#♣.♣♣ ♣♣..# #..♣.♣ ♣.♣.#
#.#♣.♣♣♣♣.♣.#
##.#♣..♣♣..♣.##


You could see a black bear and a goblin.

Vanquished Creatures
  An iguana (D:4)
  An orc wizard (D:3)
  A gnoll (D:1)
  7 adders
  2 worms
  A dart slug (D:3)
  3 orcs (D:3)
  2 bats
  7 endoplasms
  4 giant cockroaches
  8 goblins
  5 hobgoblins
  2 jackals (D:2)
  4 quokkas
  9 ball pythons
  2 frilled lizards
  5 kobolds
  2 rats (D:1)
66 creatures vanquished.

Notes
Turn   | Place    | Note
-------+----------+-------------------------------------------
     0 | D:1      | blanketernal the Minotaur Gladiator began the quest for the
                  | Orb.
     0 | D:1      | Reached XP level 1. HP: 18/18 MP: 0/0
    72 | D:1      | You fall into a shaft and drop 1 floor!
   134 | D:1      | Reached XP level 2. HP: 23/25 MP: 1/1
   155 | D:1      | Reached skill level 1 in Armour
   241 | D:1      | Reached XP level 3. HP: 10/31 MP: 2/2
  1011 | D:2      | Reached XP level 4. HP: 38/38 MP: 3/3
  1553 | D:3      | Found a faded altar of an unknown god.
  1626 | D:3      | Found a stormy altar of Qazlal.
  1629 | D:3      | Found a blossoming altar of Fedhas.
  1656 | D:3      | Found a sacrificial altar of Ru.
  1832 | D:3      | Reached XP level 5. HP: 34/46 MP: 4/4
  2655 | D:4      | Noticed Sigmund
  2656 | D:4      | Noticed a black bear
  2669 | D:3      | Slain by a black bear

Illustrated notes

Levels and vault maps discovered:
D:1:      sevenhm_arrival_forest_fort_large_4, layout_rooms,
          kennysheep_minor_cross
D:2:      layout_loops_ring
D:3:      layout_basic, mainiacjoe_overflow_paths,
          grunt_temple_overflow_forces_of_nature,
          shapermc_ecumenical_altar_totnotflames,
          corexii_item_surrounded_by_moat, hangedman_glass_teeth
D:4:      layout_cave_pods, gup_sewer_entry_bubbles, serial_park,
          serial_park_square3 [serial_park_minivault_5x5_3],
          serial_park_avenue1, serial_park_square3
          [serial_park_minivault_5x5_6], serial_park_square3
          [serial_park_minivault_5x5_5], serial_park_square3
          [serial_park_minivault_5x5_5], minmay_gold_behind_fungi,
          mrwooster_statue_mirror, uniq_sigmund

Skill      XL: |  1  2  3  4  5 |
---------------+----------------+-----
Armour         | 1 2 3 |  3.0
Fighting       | 3 4 |  4.0
Staves         | 4 |  4.9
Dodging        | 4 |  4.4
Throwing       | |  2.0

Action                     |  1- 3 |  4- 6 || total
---------------------------+-------+-------++-------
  Melee: Quarterstaff      |    70 |    47 ||   117
         Headbutt          |    10 |    10 ||    20
   Stab: Sleeping          |     1 |       ||     1
 Armour: Leather armour    |    37 |    42 ||    79
  Dodge: Dodged            |    48 |    52 ||   100

Table legend: (Time is in decaauts)
 A = Elapsed time spent in this place.
 B = Non-inter-level travel time spent in this place.
 C = Inter-level travel time spent in this place.
 D = Time resting spent in this place.
 E = Time spent auto-exploring this place.
 F = Levels seen in this place.
 G = Mean time per level.
                   A        B        C        D        E       F      G
               +--------+--------+--------+--------+--------+-----+--------+
         Total |   2679 |   2528 |    151 |    189 |   1950 |   4 |  669.8 |
       Dungeon |   2679 |   2528 |    151 |    189 |   1950 |   4 |  669.8 |
               +--------+--------+--------+--------+--------+-----+--------+

Top non-repeatable levels by time:
     D:3: 1122 daAuts
     D:1: 799 daAuts
     D:2: 732 daAuts
     D:4: 25 daAuts
